Unix NetHack Version 5.0.0-0 post-release - last build May  4 2026 22:22:43 (774f63e81ad911689b3a0859ea89b322d5daca8d,branch:main).

Game began 2026-05-05 11:01:00, ended 2026-05-05 11:30:14.

31245981910, lawful female human Monk

           -----          ------------
           |...-###       .......{...|
           |...|  ####  .............|
           |....#    @ ..............|
           --.--#   )o-..............+
             #  #   ## ---------- ----
             #  # ####%##))`
             #  # #
             #  ###
             #  ##
             #  ##
    ---------.--##
    |..........|##
    |..........|#
    |..<.......-#
    |..........|
    ------------

31245981910 the Novice          St:15 Dx:16 Co:12 In:10 Wi:13 Ch:11  Lawful
Dlvl:9  $:23 HP:0(30) Pw:27(27) AC:4  Xp:5 T:3594 

Latest messages:
 You try to move the boulder, but in vain.
 You try to move the boulder, but in vain.
 You try to move the boulder, but in vain.
 You try to move the boulder, but in vain.
 You try to move the boulder, but in vain.
 You try to move the boulder, but in vain.
 You try to move the boulder, but in vain.
 You try to move the boulder, but in vain.
 You try to move the boulder, but in vain.
 You try to move the boulder, but in vain.
 You try to move the boulder, but in vain.
 You try to move the boulder, but in vain.
 It is hit.
 It is hit.
 It is missed.
 A poisoned crude arrow misses you.
 It is hit.
 The dog bites it.
 It misses the dog.
 You hear some noises.
 The dog misses it.
 You swap places with your dog.
 You see here 2 poisoned crude arrows.
 You attack thin air.
 The little dog bites!
 The little dog bites!
 You hit the little dog.
 The little dog misses!
 You kill the little dog!
 You see here a little dog corpse.
 You are hit by a poisoned crude arrow.
 The poison doesn't seem to affect you.
 The Uruk-hai swings her crude bow.
 The Uruk-hai hits!
 The Uruk-hai swings his crude bow.
 The Uruk-hai misses!
 You hit the Uruk-hai!
 You are almost hit by a poisoned crude arrow.
 You hit the Uruk-hai!
 The Uruk-hai turns to flee.
 You kill the Uruk-hai!
 The Uruk-hai swings her crude bow.
 The Uruk-hai hits!
 The Uruk-hai hits!
 You die...
 Do you want your possessions identified? [ynq] (y) y
 Do you want to see your attributes? [ynq] (y) y
 Do you want an account of creatures vanquished? [ynaq] (y) y
 Do you want to see your conduct and achievements? [ynq] (y) y
 Do you want to see the dungeon overview? [ynq] (y) y

Inventory:
 Coins    ('$')
  $ - 23 gold pieces
 Amulets  ('"')
  m - a cursed amulet of change
  q - an uncursed amulet of life saving
 Armor    ('[')
  a - an uncursed +2 pair of leather gloves (being worn)
  b - an uncursed +1 robe (being worn)
 Comestibles  ('%')
  f - 3 uncursed apples
  e - 4 uncursed food rations
  h - 3 uncursed fortune cookies
  g - 4 uncursed oranges
  k - an uncursed egg
 Scrolls  ('?')
  w - an uncursed scroll of amnesia
 Spellbooks  ('+')
  u - an uncursed spellbook of blank paper
  s - an uncursed spellbook of chain lightning
  i - a blessed spellbook of protection
 Potions  ('!')
  l - an uncursed potion of booze
  z - an uncursed potion of enlightenment
  D - a blessed potion of full healing
  A - a cursed potion of gain ability
  d - 2 uncursed potions of healing
  o - an uncursed potion of speed
  p - an uncursed potion of water
 Gems/Stones  ('*')
  v - 2 uncursed garnet stones
  n - an uncursed worthless piece of white glass
  j - an uncursed worthless piece of yellow glass

31245981910 the Monk's attributes:

Background:
 You were a Novice, a level 5 female human Monk.
 You were lawful, nominally on a mission for Shan Lai Ching
 who was opposed by Chih Sung-tzu (neutral) and Huan Ti (chaotic).
 You were right-handed.
 You were in the Dungeons of Doom, on level 9.
 You entered the dungeon 3594 turns ago.
 You had 266 experience points, 54 more were needed to attain level 6.

Basics:
 You had 0 out of 30 hit points.
 You had all 27 energy points (spell power).
 Your armor class was 4.
 Your wallet contained 23 zorkmids.
 Autopickup was off.

Final Characteristics:
 Your strength was 15 (limit:18/100).
 Your dexterity was 16 (limit:18).
 Your constitution was 12 (limit:18).
 Your intelligence was 10 (limit:18).
 Your wisdom was 13 (limit:18).
 Your charisma was 11 (limit:18).

Final Status:
 You weren't hungry.
 You were unencumbered.
 You were empty handed.
 You had basic skill with martial arts.

Final Attributes:
 You were piously aligned.
 You were sleep resistant.
 You were poison resistant.
 You saw invisible.
 You were stealthy.
 You were guarded.
 Your spell casting was enhanced by wearing a robe.
 You were fast.
 You are dead.

Miscellaneous:
 You encountered 1 bones level.
 Total elapsed playing time was 29 minutes and 12 seconds.

Major events:
 Turn
    1: 31245981910 the lawful female human Monk entered the dungeon
 1486: attained the rank of Novice (level 3)
 3594: killed by an Uruk-hai

Spells:
 Name                 Level Category     Fail Retention
 protection             1   clerical       0%  76%-100%

Skills:
 Fighting Skills
   martial arts       [Basic]
 Weapon Skills
   quarterstaff       [Unskilled]
   spear              [Unskilled]
   crossbow           [Unskilled]
   shuriken           [Unskilled]
 Spellcasting Skills
   attack spells      [Unskilled]
   healing spells     [Basic]
   divination spells  [Unskilled]
   enchantment spells [Unskilled]
   clerical spells    [Unskilled]
   escape spells      [Unskilled]
   matter spells      [Unskilled]

Voluntary challenges:
 Character rerolling was not enabled.
 You were an atheist.
 You never hit with a wielded weapon.
 You never genocided any monsters.
 You never polymorphed an object.
 You never changed form.
 You used no wishes.
Achievements:
 You entered a shop.
 You attained the rank of Novice.

 The Dungeons of Doom: levels 1 to 9
    Level 1:
       An altar, a fountain.
    Level 2:
       A weapon shop, a grave.
    Level 3:
    Level 4:
       A general store, some altars, a fountain, a sink.
    Level 5:
       A fountain.
    Level 6:
       A fountain.
    Level 7:
       Many fountains, a grave.
       Final resting place for
          23881750910-Val-Hum-Fem-Law, killed by a pony.
    Level 8:
       A fountain.
    Level 9: <- You were here.
       A fountain.
       Final resting place for
          you, killed by an Uruk-hai.


Vanquished creatures:
  a ghost
  2 leprechauns
  2 Uruk-hai
  a rock mole
  a pony
  a shrieker
  a straw golem
  a little dog
  a floating eye
  a kitten
  a homunculus
  a rothe
  a rabid rat
  a werejackal
  2 iguanas
  a killer bee
  2 coyotes
  a gas spore
  a hobbit
  a giant rat
  a yellow mold
  a green mold
  a gnome
  a gecko
 12 jackals
  a fox
  2 kobolds
  3 sewer rats
  3 grid bugs
  2 bats
  2 lichens
  a kobold zombie
  5 newts
59 creatures vanquished.

No species were genocided or became extinct.

Game over:
                       ----------
                      /          \
                     /    REST    \
                    /      IN      \
                   /     PEACE      \
                  /                  \
                  |   31245981910    |
                  |      23 Au       |
                  |   killed by an   |
                  |     Uruk-hai     |
                  |                  |
                  |                  |
                  |       2026       |
                 *|     *  *  *      | *
        _________)/\\_//(\/(/\)/\//\/|_)_______

Goodbye 31245981910 the Monk...

You died in The Dungeons of Doom on dungeon level 9 with 1485 points,
and 23 pieces of gold, after 3594 moves.
You were level 5 with a maximum of 30 hit points when you died.

